 Dungeon Crawl Stone Soup version 0.30-a0-140-gd1020e658a (webtiles) character file.

Game seed: 10094070948991309419

140 Dreamer the Cudgeller (level 5, -5/41 HPs)
             Began as a Formicid Gladiator on Sept 24, 2022.
             Slain by a water moccasin (6 damage)
             ... on level 4 of the Dungeon.
             The game lasted 00:05:39 (2809 turns).

Dreamer the Cudgeller (Formicid Gladiator)          Turns: 2809, Time: 00:05:42

Health: -5/41      AC:  7    Str: 21    XL:     5   Next: 47%
Magic:  5/5        EV: 11    Int:  7    God:
Gold:   184        SH:  0    Dex: 15    Spells: 4/4 levels left

rFire   . . .      SeeInvis +    a - +0 flail
rCold   . . .      Faith    .    (no shield)
rNeg    . . .      Spirit   .    h - +0 ring mail
rPois   +          Reflect  .    (helmet unavailable)
rElec   .          Harm     .    (no cloak)
rCorr   .          Rampage  .    k - +0 pair of gloves
Will    .....                    q - +0 pair of boots
Stlth   +.........               (no amulet)
HPRegen 0.13/turn                s - ring of poison resistance
MPRegen 0.09/turn                (no ring)

@: brilliant, lethally poisoned (-5 -> -11)
A: permanent stasis, dig shafts and tunnels, antennae 3, four strong arms,
evolution 1
a: Dig, Shaft Self


You were on level 4 of the Dungeon.
You visited 1 branch of the dungeon, and saw 5 of its levels.

You collected 184 gold pieces.

Inventory:

Hand Weapons
 a - a +0 flail (weapon)
Missiles
 c - 3 throwing nets
 d - a javelin
 e - 33 stones (quivered)
Armour
 h - a +0 ring mail (worn)
 k - a +0 pair of gloves (worn)
 q - a +0 pair of boots (worn)
Jewellery
 s - a ring of poison resistance (left hand)
Scrolls
 b - 3 scrolls of poison {unknown}
 f - 2 scrolls of immolation
 g - a scroll of fear {unknown}
 i - 2 scrolls of identify {unknown}
 j - a scroll of vulnerability {unknown}
 l - 2 scrolls of amnesia {unknown}
 m - 2 scrolls of teleportation {unknown}
 n - a scroll of enchant weapon {unknown}
 r - a scroll of torment {unknown}
Potions
 p - 2 potions of brilliance


   Skills:
 + Level 3.2 Fighting
 * Level 4.2 Maces & Flails
 * Level 3.6 Throwing
 - Level 2.6 Dodging


You had 4 spell levels left.
You didn't know any spells.
Your spell library was empty.

Dungeon Overview and Level Annotations

Branches:
Dungeon (5/15)
 Temple: D:4-7

Altars:


Innate Abilities, Weirdness & Mutations

You cannot be hasted, slowed, berserked, paralysed or teleported.
You can dig through walls and to a lower floor.
You have a pair of large antennae on your head. (SInv)
Your four strong arms can wield two-handed weapons with a shield.
You have hidden genetic potential.


Message History

The water moccasin bites you. The water moccasin closely misses you.
You barely miss the water moccasin.
The water moccasin is lightly wounded.
The water moccasin bites you.
An adder comes into view.
The water moccasin bites you.
You barely miss the water moccasin.
The water moccasin is lightly wounded.
The adder hisses angrily.
The water moccasin bites you!
You barely miss the water moccasin.
The water moccasin is lightly wounded.
The water moccasin bites you.
* * * LOW HITPOINT WARNING * * *
The water moccasin bites you but does no damage.
It was a potion of brilliance.
You feel clever all of a sudden. The water moccasin bites you.
* * * LOW HITPOINT WARNING * * *
It was a potion of mutation.
You feel extremely strange.
You feel a hidden potential growing inside you.
The water moccasin bites you.
* * * LOW HITPOINT WARNING * * *
You are lethally poisoned!
The water moccasin poisons you! The water moccasin barely misses you.
Okay, then.
Unknown command.
As you read the scroll labelled YSAGRU VOUDWUL, it crumbles to dust.
The creatures around you are filled with an inner flame!
It was a scroll of immolation.
* * * LOW HITPOINT WARNING * * *
You feel sick.
The water moccasin bites you but does no damage.
You sock the water moccasin!
Flame seeps out of the water moccasin.
The water moccasin is heavily wounded.
* * * LOW HITPOINT WARNING * * *
You feel sick.
The water moccasin is engulfed in blazing flames.
Flame seeps out of the water moccasin.
The water moccasin bites you.
You die...

##... #.... #....
#### ##.... #..#
###..... #..#
###....... ..#
#####......... #.#
#.....#.<#....
#@###..†)...###...
# #S#....######
##.. #.##hS..###
### #......##
#.....##
...........#
###.#.#....... {
.h.#.#######...
##. #. #.


You could see a water moccasin (inner flame), a hound (inner flame) and an
adder.

Vanquished Creatures
  2 gnolls
  5 adders
  A worm (D:2)
  5 dart slugs
  6 ball pythons
  3 endoplasms
  8 goblins
  8 hobgoblins
  2 jackals (D:3)
  3 quokkas
  5 bats
  2 frilled lizards
  9 kobolds
  7 rats
66 creatures vanquished.

Notes
Turn   | Place    | Note
-------+----------+-------------------------------------------
     0 | D:1      | Dreamer the Formicid Gladiator began the quest for the Orb.
     0 | D:1      | Reached XP level 1. HP: 16/16 MP: 1/1
    61 | D:1      | Reached XP level 2. HP: 23/23 MP: 2/2
   413 | D:1      | Reached XP level 3. HP: 28/28 MP: 3/3
   916 | D:2      | Reached XP level 4. HP: 22/34 MP: 4/4
  1493 | D:2      | Found a faded altar of an unknown god.
  1870 | D:3      | Reached skill level 4 in Maces & Flails
  1879 | D:3      | Reached XP level 5. HP: 35/41 MP: 5/5
  2795 | D:5      | Entered Level 5 of the Dungeon
  2795 | D:5      | Noticed a water moccasin
  2807 | D:4      | Gained mutation: You have hidden genetic potential. [potion
                  | of mutation]
  2808 | D:4      | HP: 2/41 [poisoned by a water moccasin]
  2809 | D:4      | Slain by a water moccasin

Illustrated notes

Levels and vault maps discovered:
D:1:      dpeg_arrival_leaves_temple_mockup, layout_basic,
          chequers_serial_rivers_room_a
D:2:      cheibrodos_helix_gallery, layout_loops_ring,
          dreamdust_ecumenical_altar_statues
D:3:      layout_loops_ring, st_stairs_2
D:4:      layout_rooms, mainiacjoe_overflow_tiny_flanked,
          lemuel_temple_firewalk_a, serial_shops, nicolae_shop_statue_plus
D:5:      layout_basic, nicolae_underground_beach, uniq_prince_ribbit1,
          uniq_eustachio

Skill      XL: |  1  2  3  4 |
---------------+-------------+-----
Throwing       | 3 |  3.6
Fighting       | 3 |  3.2
Maces & Flails | 4 |  4.2
Dodging        | |  2.6

Action                   |  1- 3 |  4- 6 || total
-------------------------+-------+-------++-------
Melee: Flail             |    80 |   135 ||   215
       Punch             |       |     2 ||     2
  Use: Potion            |       |     2 ||     2
       Scroll            |       |     1 ||     1
Armor: Leather armour    |    10 |       ||    10
       Ring mail         |    20 |    52 ||    72
Dodge: Dodged            |    49 |    69 ||   118

Table legend: (Time is in decaauts)
 A = Elapsed time spent in this place.
 B = Non-inter-level travel time spent in this place.
 C = Inter-level travel time spent in this place.
 D = Time resting spent in this place.
 E = Time spent auto-exploring this place.
 F = Levels seen in this place.
 G = Mean time per level.
                   A        B        C        D        E       F      G
               +--------+--------+--------+--------+--------+-----+--------+
         Total |   2862 |   2755 |    107 |    158 |   1865 |   5 |  572.4 |
       Dungeon |   2862 |   2755 |    107 |    158 |   1865 |   5 |  572.4 |
               +--------+--------+--------+--------+--------+-----+--------+

Top non-repeatable levels by time:
     D:2: 988 daAuts
     D:3: 945 daAuts
     D:1: 851 daAuts
     D:4: 75 daAuts
     D:5: 1 daAuts
